 Dungeon Crawl Stone Soup version 0.31-a0-851-g7ff8af7976 (webtiles) character file.

Game seed: 10384985360570551680

942 Pixllover the Cleaver (level 8, -2/70 HPs)
             Began as a Hill Orc Monk on Oct 5, 2023.
             Was a Believer of Beogh.
             Slain by Pikel
             ... wielding a +1 whip of electrocution
              (8 damage)
             ... on level 5 of the Dungeon.
             The game lasted 00:11:58 (3841 turns).

Pixllover the Cleaver (Hill Orc Monk)               Turns: 3841, Time: 00:11:59

Health: -2/70      AC:  9    Str: 16    XL:     8   Next: 12%
Magic:  8/8        EV: 13    Int: 10    God:    Beogh [**....]
Gold:   139        SH:  0    Dex: 13    Spells: 7/7 levels left

rFire   . . .        i - +0 war axe
rCold   . . .        d - orb {light}
rNeg    . . .        l - +0 chain mail
rPois   .            (no helmet)
rElec   .            (no cloak)
rCorr   .            (no gloves)
SInv    .            (no boots)
Will    .....        (no amulet) Stlth
                     r - +5 ring of evasion
HPRegen 0.00/turn    (no ring)
MPRegen 0.11/turn

%: no passive effects
@: confused, ambrosia-drunk, inhibited regen, glowing
A: inhibited regeneration
a: Renounce Religion, Smiting


You were on level 5 of the Dungeon.
You worshipped Beogh.
Beogh was pleased with you.
You visited 1 branch of the dungeon, and saw 5 of its levels.

You collected 167 gold pieces.
You spent 28 gold pieces at shops.

Inventory:

Hand Weapons
 i - a +0 war axe (weapon)
Missiles
 b - 2 throwing nets
 m - 27 poisoned darts (quivered)
Armour
 d - an orb of light (worn)
 l - a +0 chain mail (worn)
Jewellery
 r - a +5 ring of evasion (left hand)
 x - a ring of ice
Wands
 o - a wand of paralysis (10)
 v - a wand of roots (22)
Scrolls
 a - a scroll of vulnerability {unknown}
 c - a scroll of silence {unknown}
 f - a scroll of enchant armour {unknown}
 g - a scroll of butterflies {unknown}
 j - a scroll of revelation {unknown}
 n - 2 scrolls of poison
 q - a scroll of teleportation
 u - a scroll of immolation {unknown}
 y - a scroll of fog {unknown}
Potions
 e - 3 potions of enlightenment
 k - a potion of berserk rage
 p - 2 potions of might
 t - a potion of curing
 w - a potion of haste


   Skills:
 + Level 5.7 Fighting
 + Level 9.4 Axes
 + Level 4.5 Armour
 + Level 3.1 Dodging
 + Level 0.3 Invocations


You had 7 spell levels left.
You didn't know any spells.
Your spell library contained the following spells:

 Spells                   Type           Power      Damage    Failure   Level
 Tukima's Dance           Hex            0%         N/A       100%        3
 Dimensional Bullseye     Hex/Tloc       0%         N/A       100%        4
 Iskenderun's Mystic Bla  Conj/Tloc      0%         2d3       100%        4


Dungeon Overview and Level Annotations

Branches:
Dungeon (5/15)
 Temple: D:4-7

Altars:
Zin

Shops:
D:1 ?   D:4 ?(   D:5 *

Annotations:
D:5 Pikel, Sigmund


Innate Abilities, Weirdness & Mutations

You do not regenerate when monsters are visible.


Message History

Pikel hits you but does no damage.
Pikel zaps a wand.
You resist with some effort.
You hit the lemure but do no damage. The lemure barely misses you.
You hit the lemure.
The lemure is lightly wounded.
You completely miss Pikel. The lemure hits you!
A lemure comes into view.
Pikel zaps a wand.
You resist with some effort.
You barely miss the lemure.
The lemure is lightly wounded.
You barely miss Pikel.
Sigmund hits you from afar with a +0 scythe.
The lemure hits you. Pikel closely misses you.
You completely miss the lemure.
The lemure is lightly wounded.
You closely miss Pikel. The lemure hits you but does no damage.
Pikel hits you with a +1 whip of electrocution.
Sigmund mumbles some strange words.
Sigmund flickers and vanishes for a moment.
You hit the lemure.
The lemure is moderately wounded.
You barely miss Pikel. The lemure hits you! Pikel hits you but does no damage.
You are electrocuted!
* * * LOW HITPOINT WARNING * * *
Sigmund hits you from afar with a +0 scythe!
* * * LOW HITPOINT WARNING * * *
It was a potion of mutation.
You feel extremely strange.
Your regeneration stops near monsters.
The lemure hits you but does no damage.
Pikel hits you with a +1 whip of electrocution.
* * * LOW HITPOINT WARNING * * *
You are confused.
You feel invigorated. Sigmund hits you but does no damage. The lemure hits you.
* * * LOW HITPOINT WARNING * * *
Pikel hits you with a +1 whip of electrocution.
* * * LOW HITPOINT WARNING * * *
You bump into the rock wall.
The lemure hits you but does no damage.
Pikel hits you with a +1 whip of electrocution!
You die...
Pikel says, "Another soul for the market."

#.#####.##.
#.......# #
#.#####.# #.### #.#
######.#.###.#
#............#
#.####.#.##..###
#####.####.........#
#.K@55......##.....#
#@###.###...........
#)# #.# #.#.####.#.#
#5# #.. #.#.####.#.#
#5# #..[#.#........#
#.###...#.######'###
#...K5@...# ##...##
######5#### ##.....#
#.<.....


You could see Pikel, 2 lemures and Sigmund (invisible).

Vanquished Creatures
  The ghost of Scrael the Caller, an amateur TeSu (D:4)
  A sky beast (D:5)
  A centaur (D:5)
  A phantom (D:4)
  A scorpion (D:5)
  A gnoll bouda (D:5)
  Ijyb (D:3)
  3 iguanas (D:5)
  4 orc wizards
  Robin (D:3)
  9 gnolls
  3 adders
  2 dart slugs
  12 orcs
  10 ball pythons
  3 endoplasms
  8 giant cockroaches
  17 goblins
  9 hobgoblins
  5 jackals
  2 quokkas (D:1)
  2 bats (D:1)
  7 frilled lizards
  9 kobolds
  8 rats
121 creatures vanquished.

Notes
Turn   | Place    | Note
-------+----------+-------------------------------------------
     0 | D:1      | Pixllover the Hill Orc Monk began the quest for the Orb.
     0 | D:1      | Reached XP level 1. HP: 19/19 MP: 1/1
    87 | D:1      | Reached XP level 2. HP: 21/27 MP: 2/2
   123 | D:1      | Found Gabboug's Magic Scroll Shoppe.
   157 | D:1      | Bought a scroll of identify for 28 gold pieces
   251 | D:1      | Reached XP level 3. HP: 30/33 MP: 3/3
   421 | D:1      | Reached skill level 1 in Armour
   729 | D:2      | Reached skill level 5 in Axes
   803 | D:2      | Reached XP level 4. HP: 34/41 MP: 4/4
  1355 | D:3      | Noticed Ijyb
  1360 | D:3      | Paralysed by Ijyb for 4 turns
  1367 | D:3      | Paralysed by Ijyb for 2 turns
  1369 | D:3      | Killed Ijyb
  1370 | D:3      | Reached skill level 6 in Axes
  1370 | D:3      | Reached XP level 5. HP: 43/47 MP: 5/5
  1636 | D:3      | Noticed Robin
  1666 | D:3      | Killed Robin
  2167 | D:4      | Found Nih Garo's Antique Weapon Shop.
  2187 | D:4      | Noticed a phantom
  2202 | D:4      | Became a worshipper of Beogh the Brigand
  2202 | D:4      | Reached * piety under Beogh
  2202 | D:4      | Reached ** piety under Beogh
  2231 | D:4      | Reached XP level 6. HP: 18/53 MP: 6/6
  2277 | D:4      | Reached skill level 7 in Axes
  2286 | D:5      | Entered Level 5 of the Dungeon
  2286 | D:5      | Found Gockenom's Assorted Antiques.
  2297 | D:5      | Reached skill level 5 in Fighting
  2532 | D:4      | Reached XP level 7. HP: 10/61 MP: 7/7
  2763 | D:5      | Found a glowing silver altar of Zin.
  2889 | D:5      | Reached skill level 8 in Axes
  3288 | D:4      | Found The Oracle's Delphic Readings.
  3327 | D:4      | Noticed Scrael's ghost (amateur TeSu)
  3336 | D:4      | Found a transporter.
  3349 | D:4      | Found a transporter.
  3623 | D:4      | Killed Scrael's ghost
  3624 | D:4      | Reached skill level 9 in Axes
  3624 | D:4      | Reached XP level 8. HP: 40/70 MP: 8/8
  3818 | D:5      | Noticed Pikel
  3819 | D:5      | Noticed Sigmund
  3839 | D:5      | Gained mutation: You do not regenerate when monsters are
                  | visible. [potion of mutation]
  3839 | D:5      | HP: 2/70 [Pikel/+1 whip of electrocution (4)]
  3841 | D:5      | Slain by Pikel

Illustrated notes

Levels and vault maps discovered:
D:1:      nicolae_arrival_washed_ashore, layout_rooms, serial_shops, shop
D:2:      layout_rooms
D:3:      layout_loops_ring, palyth_stone_intersect, uniq_robin, uniq_ijyb
D:4:      layout_basic, gammafunk_ghost_arena, serial_shops, shop,
          nicolae_nh_oracle_at_delphi
D:5:      layout_loops_corners, kennysheep_little_box, marbit_many_paths,
          minmay_temple_entry_arrows, nicolae_stop_n_shop_1, uniq_sigmund,
          uniq_pikel

Skill      XL: |  1  2  3  4  5  6  7 |
---------------+----------------------+-----
Fighting       | 4 5 |  5.7
Armour         | 1 2 3 4 |  4.5
Axes           | 5 6 7 9 |  9.4
Dodging        | 3 |  3.1
Invocations    | |  0.3

Action                     |  1- 3 |  4- 6 |  7- 9 || total
---------------------------+-------+-------+-------++-------
  Melee: Hand axe          |    40 |       |       ||    40
         War axe           |    51 |   114 |   109 ||   274
 Invoke: Convert to Beogh  |       |     1 |       ||     1
         Smiting           |       |     1 |     1 ||     2
    Use: Potion            |     1 |     1 |     2 ||     4
         Scroll            |       |     5 |     4 ||     9
 Armour: Robe              |     5 |       |       ||     5
         Leather armour    |    56 |       |       ||    56
         Scale mail        |    28 |    13 |       ||    41
         Chain mail        |       |   117 |    99 ||   216
  Dodge: Dodged            |    74 |    83 |    87 ||   244

Table legend: (Time is in decaauts)
 A = Elapsed time spent in this place.
 B = Non-inter-level travel time spent in this place.
 C = Inter-level travel time spent in this place.
 D = Time resting spent in this place.
 E = Time spent auto-exploring this place.
 F = Levels seen in this place.
 G = Mean time per level.
                   A        B        C        D        E       F      G
               +--------+--------+--------+--------+--------+-----+--------+
         Total |   3887 |   3799 |     88 |    954 |   1268 |   5 |  777.4 |
       Dungeon |   3887 |   3799 |     88 |    954 |   1268 |   5 |  777.4 |
               +--------+--------+--------+--------+--------+-----+--------+

Top non-repeatable levels by time:
     D:4: 881 daAuts
     D:5: 874 daAuts
     D:3: 786 daAuts
     D:2: 723 daAuts
     D:1: 622 daAuts
